NCAA
VANDERBILT COMMODORES @ AUBURN TIGERS
05/31/2025
 
TOP OF THE 1ST
Vanderbilt Commodores batting - Pitching for Auburn Tigers : LHP Werner Corona
Pitching: LHP Werner Corona
Batting: RHB Christian Bauer 0-0: Called Strike
0-1: Ball
1-1: Ball
2-1: Foul Ball, location: 2F
2-2: Ball
3-2: Base on Balls
Batting: RHB Robert Warner 0-0: Ball
1-0: Ball
2-0: SINGLE (Flyball, 7S)
Christian Bauer to second
Batting: RHB Denis Miller 0-0: Called Strike
0-1: Ball
1-1: 3-RUN HOME RUN (Flyball, 8LXD), Distance : 386 ft
Batting: RHB Herman Parker 0-0: Called Strike
0-1: Ball
1-1: SINGLE (Flyball, 9LM)
Batting: RHB Glen MacDonald 0-0: Ball
1-0: Fly out, F7 (Flyball, 78M)
Batting: RHB Erik Carter 0-0: Called Strike
Passed Ball!
Herman Parker to second
0-1: Ball
1-1: SINGLE (Groundball, 6MD)
Herman Parker to third
Batting: RHB Josh Webb 0-0: Fly out, F4 (Popup, 4)
Batting: RHB Jason Patrick 0-0: Ball
1-0: Ball
2-0: Ball
Wild Pitch!
Herman Parker scores
Erik Carter to second
3-0: Called Strike
3-1: Foul Ball, location: 2F
3-2: Foul Ball, location: 2F
3-2: Foul Ball, location: 2F
3-2: Fly out, F8 (Flyball, 8LM)
Top of the 1st over - 4 run(s), 4 hit(s), 0 error(s), 1 left on base; Vanderbilt 4 - Auburn 0
BOTTOM OF THE 1ST
Auburn Tigers batting - Pitching for Vanderbilt Commodores : RHP Bill Long
Pitching: RHP Bill Long
Batting: RHB António Martínez 0-0: Ball
1-0: Ball
2-0: Ground out 1-3 (Groundball, 23)
Batting: RHB Ralph McCullum 0-0: SINGLE (Line Drive, 4M)
Batting: LHB Edison Snyder 0-0: Foul Ball, location: 2F
0-1: Ball
1-1: Ball
2-1: Fly out, F6 (Line Drive, 6)
Batting: RHB Mauro González 0-0: Called Strike
0-1: Foul Ball, location: 2F
0-2: Foul Ball, location: 2F
0-2: Strikes out swinging
Bottom of the 1st over - 0 run(s), 1 hit(s), 0 error(s), 1 left on base; Vanderbilt 4 - Auburn 0
TOP OF THE 2ND
Vanderbilt Commodores batting - Pitching for Auburn Tigers : LHP Werner Corona
Batting: RHB Dalton Norman 0-0: Swinging Strike
0-1: Foul Ball, location: 2F
0-2: Ball
1-2: Ball
2-2: Strikes out swinging
Batting: RHB Christian Bauer 0-0: Ball
1-0: Called Strike
1-1: SINGLE (Groundball, 5S)
Batting: RHB Robert Warner 0-0: Foul Ball, location: 2F
0-1: Called Strike
0-2: Ball
1-2: Foul Ball, location: 2F
1-2: Strikes out swinging
Batting: RHB Denis Miller 0-0: Ball
1-0: Called Strike
1-1: Foul Ball, location: 2F
1-2: Foul Ball, location: 2F
1-2: Ball
2-2: Foul Ball, location: 2F
2-2: Foul Ball, location: 2F
2-2: Ball
3-2: Strikes out looking
Top of the 2nd over - 0 run(s), 1 hit(s), 0 error(s), 1 left on base; Vanderbilt 4 - Auburn 0
BOTTOM OF THE 2ND
Auburn Tigers batting - Pitching for Vanderbilt Commodores : RHP Bill Long
Batting: LHB Francisco Cardenas 0-0: Called Strike
0-1: Ground out U3 (Groundball, 3S)
Batting: RHB Ángelo Young 0-0: Ball
1-0: Called Strike
1-1: Ball
2-1: Ball
3-1: Base on Balls
Batting: RHB Robert Porter 0-0: Foul Ball, location: 2F
0-1: Ball
1-1: Called Strike
1-2: Foul Ball, location: 2F
1-2: Strikes out swinging
Batting: SHB David Boyle 0-0: Ball
1-0: Ball
2-0: Called Strike
2-1: Ball
3-1: Foul Ball, location: 2F
3-2: SINGLE (Groundball, 4)
Ángelo Young to second
Ángelo Young to third
Batting: RHB Tim Bonner 0-0: Ball
1-0: Fielders Choice at 2nd, 5-4 (Groundball, 5)
Bottom of the 2nd over - 0 run(s), 1 hit(s), 0 error(s), 1 left on base; Vanderbilt 4 - Auburn 0
TOP OF THE 3RD
Vanderbilt Commodores batting - Pitching for Auburn Tigers : LHP Werner Corona
Batting: RHB Herman Parker 0-0: SINGLE (Line Drive, 6MD)
Batting: RHB Glen MacDonald 0-0: Ball
1-0: Ball
2-0: Swinging Strike
2-1: Foul Ball, location: 2F
2-2: SINGLE (Groundball, 5L)
Herman Parker to second
Batting: RHB Erik Carter 0-0: Fly out, F6 (Popup, 56D)
Batting: RHB Josh Webb 0-0: Grounds into double play, 4-6-3 (Groundball, 4)
Top of the 3rd over - 0 run(s), 2 hit(s), 0 error(s), 1 left on base; Vanderbilt 4 - Auburn 0
BOTTOM OF THE 3RD
Auburn Tigers batting - Pitching for Vanderbilt Commodores : RHP Bill Long
Batting: RHB António Martínez 0-0: Ball
1-0: Swinging Strike
1-1: Ball
2-1: Ball
3-1: Reached on error, E6 (Groundball, 6)
Batting: RHB Ralph McCullum 0-0: Called Strike
0-1: Called Strike
0-2: Strikes out swinging
Batting: LHB Edison Snyder 0-0: Called Strike
António Martínez steals 3rd base
0-1: Ground out 1-3 (Groundball, 13S)
Batting: RHB Mauro González 0-0: Ball
1-0: Fly out, F7 (Flyball, 78M)
Bottom of the 3rd over - 0 run(s), 0 hit(s), 1 error(s), 1 left on base; Vanderbilt 4 - Auburn 0
TOP OF THE 4TH
Vanderbilt Commodores batting - Pitching for Auburn Tigers : LHP Werner Corona
Batting: RHB Jason Patrick 0-0: Ball
1-0: Called Strike
1-1: Ball
2-1: Ball
3-1: Foul Ball, location: 2F
3-2: Ground out 6-3 (Groundball, 6)
Batting: RHB Dalton Norman 0-0: Ball
1-0: Called Strike
1-1: Ball
2-1: Foul Ball, location: 2F
2-2: Strikes out swinging
Batting: RHB Christian Bauer 0-0: Called Strike
0-1: SINGLE (Groundball, 6M) (infield hit)
Batting: RHB Robert Warner 0-0: SINGLE (Line Drive, 7LS)
Christian Bauer to second
Batting: RHB Denis Miller 0-0: Ball
1-0: Ball
2-0: Ball
3-0: Called Strike
3-1: SINGLE (Groundball, 5)
Christian Bauer to third
Robert Warner to second
Runner from 3rd tries for Home, SAFE, no throw or cutoff
Batting: RHB Herman Parker 0-0: Ball
1-0: Called Strike
1-1: 3-RUN HOME RUN (Flyball, 8LXD), Distance : 400 ft
Batting: RHB Glen MacDonald 0-0: Fly out, F3 (Line Drive, 3)
Top of the 4th over - 4 run(s), 4 hit(s), 0 error(s), 0 left on base; Vanderbilt 8 - Auburn 0
BOTTOM OF THE 4TH
Auburn Tigers batting - Pitching for Vanderbilt Commodores : RHP Bill Long
Batting: LHB Francisco Cardenas 0-0: Ball
1-0: Fly out, F7 (Flyball, 78M)
Batting: RHB Ángelo Young 0-0: Reached on error, E6 (Groundball, 6)
Batting: RHB Robert Porter 0-0: Called Strike
0-1: Foul Ball, location: 2F
0-2: Ball
1-2: Ball
2-2: Ball
3-2: Foul Ball, location: 2F
3-2: Base on Balls
Ángelo Young to second
Batting: SHB David Boyle 0-0: Called Strike
0-1: Ball
1-1: Foul Ball, location: 2F
1-2: Strikes out swinging
Batting: RHB Tim Bonner 0-0: Ball
1-0: Ground out 5-3 (Groundball, 56S)
Bottom of the 4th over - 0 run(s), 0 hit(s), 1 error(s), 2 left on base; Vanderbilt 8 - Auburn 0
TOP OF THE 5TH
Vanderbilt Commodores batting - Pitching for Auburn Tigers : LHP Werner Corona
Pitching: RHP Brandon Davis
Batting: RHB Erik Carter 0-0: Ball
1-0: SINGLE (Flyball, 8RS)
Batting: RHB Josh Webb 0-0: Ball
1-0: Called Strike
Erik Carter steals 2nd base
1-1: Swinging Strike
1-2: Fly out, F3 (Popup, 3F)
Batting: RHB Jason Patrick 0-0: Called Strike
0-1: Ball
1-1: SINGLE (Line Drive, 56D)
Erik Carter to third
Batting: RHB Dalton Norman 0-0: Ball
1-0: Fly out, F7 (Flyball, 78M)
Runner from 3rd tags up, SCORES, no throw
Batting: RHB Christian Bauer 0-0: Swinging Strike
0-1: Foul Ball, location: 2F
0-2: Ball
1-2: Fly out, F3 (Popup, 3F)
Top of the 5th over - 1 run(s), 2 hit(s), 0 error(s), 1 left on base; Vanderbilt 9 - Auburn 0
BOTTOM OF THE 5TH
Auburn Tigers batting - Pitching for Vanderbilt Commodores : RHP Bill Long
Batting: RHB António Martínez 0-0: Foul Ball, location: 2F
0-1: Swinging Strike
0-2: Strikes out swinging
Batting: RHB Ralph McCullum 0-0: Called Strike
0-1: Foul Ball, location: 2F
0-2: Ball
1-2: Strikes out swinging
Batting: LHB Edison Snyder 0-0: Ball
1-0: Ball
2-0: Ball
3-0: Called Strike
3-1: Called Strike
3-2: Base on Balls
Batting: RHB Mauro González 0-0: Foul Ball, location: 2F
0-1: Called Strike
Edison Snyder steals 2nd base
0-2: Ball
1-2: Strikes out looking
Bottom of the 5th over - 0 run(s), 0 hit(s), 0 error(s), 1 left on base; Vanderbilt 9 - Auburn 0
TOP OF THE 6TH
Vanderbilt Commodores batting - Pitching for Auburn Tigers : RHP Brandon Davis
Batting: RHB Robert Warner 0-0: Ball
1-0: Called Strike
1-1: Swinging Strike
1-2: Ball
2-2: Ball
3-2: Base on Balls
Batting: RHB Denis Miller 0-0: Ball
1-0: Ball
2-0: Ball
3-0: Base on Balls
Robert Warner to second
Batting: RHB Herman Parker 0-0: Grounds into double play, 5-4-3 (Groundball, 56)
Robert Warner to third
Batting: RHB Glen MacDonald 0-0: Ball
1-0: Called Strike
1-1: SINGLE (Groundball, 4MD)
Robert Warner scores
Batting: RHB Erik Carter 0-0: Called Strike
0-1: Ball
1-1: Ball
2-1: Ball
3-1: Base on Balls
Glen MacDonald to second
Batting: RHB Josh Webb 0-0: Ball
1-0: Called Strike
1-1: Ball
2-1: Foul Ball, location: 2F
2-2: Strikes out looking
Top of the 6th over - 1 run(s), 1 hit(s), 0 error(s), 2 left on base; Vanderbilt 10 - Auburn 0
BOTTOM OF THE 6TH
Auburn Tigers batting - Pitching for Vanderbilt Commodores : RHP Bill Long
Batting: LHB Francisco Cardenas 0-0: SINGLE (Groundball, 6M)
Batting: RHB Ángelo Young 0-0: Called Strike
0-1: SINGLE (Line Drive, 8LS)
Francisco Cardenas to second
Pitching: RHP Raúl García
Batting: RHB Robert Porter 0-0: SINGLE (Line Drive, 34)
Francisco Cardenas to third
Ángelo Young to second
Batting: SHB David Boyle 0-0: Ball
1-0: Ball
2-0: SINGLE (Groundball, 56)
Francisco Cardenas scores
Ángelo Young to third
Robert Porter to second
Batting: RHB Tim Bonner 0-0: Swinging Strike
0-1: Ball
1-1: Called Strike
1-2: Strikes out swinging
Batting: RHB António Martínez 0-0: Called Strike
0-1: Foul Ball, location: 2F
0-2: Ball
1-2: Ball
2-2: Strikes out swinging
Batting: RHB Ralph McCullum 0-0: Fly out, F8 (Line Drive, 8LS)
Bottom of the 6th over - 1 run(s), 4 hit(s), 0 error(s), 3 left on base; Vanderbilt 10 - Auburn 1
TOP OF THE 7TH
Vanderbilt Commodores batting - Pitching for Auburn Tigers : RHP Brandon Davis
Pitching: RHP Robinson Sánchez
Batting: RHB Jason Patrick 0-0: Ball
1-0: Foul Ball, location: 2F
1-1: Ball
2-1: Called Strike
2-2: Strikes out swinging
Batting: RHB Dalton Norman 0-0: Swinging Strike
0-1: Called Strike
0-2: Ball
1-2: Strikes out swinging
Batting: RHB Christian Bauer 0-0: Ball
1-0: Ball
2-0: Called Strike
2-1: Ball
3-1: Swinging Strike
3-2: Foul Ball, location: 2F
3-2: Foul Ball, location: 2F
3-2: Foul Ball, location: 2F
3-2: Base on Balls
Batting: RHB Robert Warner 0-0: Called Strike
0-1: Ball
1-1: Ball
2-1: Fly out, F9 (Flyball, 9M)
Top of the 7th over - 0 run(s), 0 hit(s), 0 error(s), 1 left on base; Vanderbilt 10 - Auburn 1
BOTTOM OF THE 7TH
Auburn Tigers batting - Pitching for Vanderbilt Commodores : RHP Raúl García
Batting: LHB Edison Snyder 0-0: Called Strike
0-1: Ball
1-1: Foul Ball, location: 2F
1-2: Ball
2-2: Foul Ball, location: 2F
2-2: Ball
3-2: Base on Balls
Batting: RHB Mauro González 0-0: Called Strike
0-1: Ball
1-1: DOUBLE (Line Drive, 5L)
Edison Snyder to third
Batting: LHB Francisco Cardenas 0-0: Called Strike
0-1: Foul Ball, location: 2F
0-2: Strikes out swinging
Batting: RHB Ángelo Young 0-0: Ball
1-0: Foul Ball, location: 2F
1-1: SINGLE (Groundball, 6MD)
Edison Snyder scores
Mauro González to third
Batting: RHB Robert Porter 0-0: Ball
1-0: Ground out 5-3 (Groundball, 56S)
Mauro González scores
Ángelo Young to second
Batting: SHB David Boyle 0-0: Ball
1-0: Swinging Strike
1-1: Ball
2-1: Called Strike
2-2: Fly out, F7 (Flyball, 7M)
Bottom of the 7th over - 2 run(s), 2 hit(s), 0 error(s), 1 left on base; Vanderbilt 10 - Auburn 3
TOP OF THE 8TH
Vanderbilt Commodores batting - Pitching for Auburn Tigers : RHP Robinson Sánchez
Batting: RHB Denis Miller 0-0: Ball
1-0: Ball
2-0: Ball
3-0: Base on Balls
Batting: RHB Herman Parker 0-0: Called Strike
0-1: DOUBLE (Flyball, 89XD)
Denis Miller to third
Batting: RHB Glen MacDonald 0-0: Fly out, F4 (Popup, 4MD)
Batting: RHB Erik Carter 0-0: Ball
1-0: SINGLE (Groundball, 6)
Denis Miller scores
Herman Parker to third
Runner from 3rd tries for Home, SAFE, no throw or cutoff
Pinch Hitting: RHB Steve Cook 0-0: Ball
Erik Carter steals 2nd base
1-0: Ball
2-0: Ball
3-0: Called Strike
3-1: Foul Ball, location: 2F
3-2: Base on Balls
Batting: RHB Jason Patrick 0-0: Ball
1-0: Ball
2-0: Called Strike
2-1: SINGLE (Groundball, 5D)
Erik Carter to third
Steve Cook to second
Runner from 3rd tries for Home, SAFE, no throw or cutoff
Batting: RHB Dalton Norman 0-0: Ball
1-0: Foul Ball, location: 2F
1-1: Ball
2-1: Ball
3-1: Foul Ball, location: 2F
3-2: Strikes out swinging
Batting: RHB Christian Bauer 0-0: Called Strike
0-1: Ball
1-1: Swinging Strike
1-2: Strikes out looking
Top of the 8th over - 3 run(s), 3 hit(s), 0 error(s), 2 left on base; Vanderbilt 13 - Auburn 3
BOTTOM OF THE 8TH
Auburn Tigers batting - Pitching for Vanderbilt Commodores : RHP Raúl García
Pitching: RHP Don Belmore
Now at 1B: António Williams
Batting: RHB Tim Bonner 0-0: Ball
1-0: Called Strike
1-1: Ball
2-1: Ball
3-1: SOLO HOME RUN (Flyball, 7D), Distance : 369 ft
Batting: RHB António Martínez 0-0: Called Strike
0-1: Foul Ball, location: 2F
0-2: Foul Ball, location: 2F
0-2: Foul Ball, location: 2F
0-2: Fly out, F8 (Flyball, 8RS)
Batting: RHB Ralph McCullum 0-0: Called Strike
0-1: Fly out, F8 (Flyball, 89S)
Batting: LHB Edison Snyder 0-0: Called Strike
0-1: Ball
1-1: Ball
2-1: SINGLE (Groundball, 56D)
Batting: RHB Mauro González 0-0: SINGLE (Flyball, 7LS)
Edison Snyder to second
Batting: LHB Francisco Cardenas 0-0: Ball
1-0: Foul Ball, location: 2F
1-1: Swinging Strike
1-2: Ball
2-2: Ball
3-2: Strikes out swinging
Bottom of the 8th over - 1 run(s), 3 hit(s), 0 error(s), 2 left on base; Vanderbilt 13 - Auburn 4
TOP OF THE 9TH
Vanderbilt Commodores batting - Pitching for Auburn Tigers : RHP Robinson Sánchez
Pitching: RHP Vincente López
Batting: RHB Robert Warner 0-0: Swinging Strike
0-1: Called Strike
0-2: Ball
1-2: Strikes out swinging
Batting: RHB Denis Miller 0-0: Ball
1-0: Called Strike
1-1: Called Strike
1-2: Strikes out swinging
Batting: RHB Herman Parker 0-0: Ball
1-0: Called Strike
1-1: Swinging Strike
1-2: Ball
2-2: Foul Ball, location: 2F
2-2: Strikes out looking
Top of the 9th over - 0 run(s), 0 hit(s), 0 error(s), 0 left on base; Vanderbilt 13 - Auburn 4
BOTTOM OF THE 9TH
Auburn Tigers batting - Pitching for Vanderbilt Commodores : RHP Don Belmore
Batting: RHB Ángelo Young 0-0: Ball
1-0: Ground out 1-3 (Groundball, 13)
Batting: RHB Robert Porter 0-0: Ball
1-0: Swinging Strike
1-1: Hit by Pitch
Batting: SHB David Boyle 0-0: Foul Ball, location: 2F
0-1: Swinging Strike
0-2: Strikes out swinging
Batting: RHB Tim Bonner 0-0: SINGLE (Line Drive, 78S)
Robert Porter to second
Batting: RHB António Martínez 0-0: Fly out, F5 (Popup, 5F)
Bottom of the 9th over - 0 run(s), 1 hit(s), 0 error(s), 2 left on base; Vanderbilt 13 - Auburn 4
This league is powered by Out of the Park Baseball, the baseball management simulation game for PC, Mac and Linux
Tuesday, August 2nd, 2016 - OOTP Baseball 16.8 Build 38